 189 Aisha the Ruffian (level 5, -1/48 HPs)
             Began as an Ogre Transmuter on Oct 2, 2019.
             Slain by a hound (3 damage)
             ... on level 4 of the Dungeon.
             The game lasted 00:06:58 (2929 turns).

Aisha the Ruffian (Ogre Transmuter)                 Turns: 2929, Time: 00:06:59

Health: -1/48      AC:  2    Str: 14    XL:     5   Next: 68%
Magic:  6/8        EV: 21    Int: 15    God:
Gold:   177        SH:  0    Dex: 14    Spells: 4/8 levels left

rFire    . . .     SeeInvis .     - Unarmed
rCold    . . .     Gourm    .   (shield currently unavailable)
rNeg     . . .     Faith    .   (armour currently unavailable)
rPois    x         Spirit   .   (helmet currently unavailable)
rElec    .         Reflect  .   (cloak currently unavailable)
rCorr    .         Harm     .   (gloves unavailable)
MR       .....                  (boots unavailable)
Stlth    +.........             (no amulet)
HPRegen  0.16/turn              E - +2 ring of evasion
MPRegen  0.11/turn              (no ring)

@: spider-form (expiring)
A: tiny, unfitting armour
a: End Transformation


Innate Abilities, Weirdness & Mutations

You are too large for most types of armour.
((You have tough skin. (AC +1)))


   Skills:
 - Level 1.3 Fighting
 - Level 1.7 Dodging
 * Level 4.9 Unarmed Combat
 - Level 2.4 Spellcasting
 + Level 3.2 Transmutations


You had 4 spell levels left.
You knew the following spells:

 Your Spells              Type           Power        Failure   Level  Hunger
e - Beastly Appendage     Tmut           ##....       17%         1    #......
i - Spider Form           Tmut/Pois      #.........   54%         3    ###....

Your spell library contained the following spells:

 Spells                   Type           Power        Failure   Level  Hunger
 Sticks to Snakes         Tmut           ##......     22%         2    ###....
 Ice Form                 Ice/Tmut       #.......     88%         4    #####..
 Blade Hands              Tmut           ##........   95%         5    ######.

Inventory:

Missiles
 a - 12 arrows
 r - a throwing net {=f}
Armour
 b - a +0 robe (melded)
 m - a +0 cloak (melded)
Jewellery
 s - an uncursed ring of resist corrosion {unknown}
 t - an uncursed ring of protection from fire {unknown}
 E - a +2 ring of evasion (left front leg)
Scrolls
 e - a scroll of random uselessness {unknown}
 f - 2 scrolls of enchant armour {unknown}
 g - 2 scrolls of teleportation {unknown}
 h - a scroll of fog {unknown}
 i - a scroll of fear {unknown}
 k - 2 scrolls of amnesia {unknown}
 o - a scroll of remove curse {unknown}
 q - a scroll of immolation {unknown}
Potions
 c - a potion of flight {unknown}
 j - a potion of brilliance {unknown}
 n - a potion of curing {unknown}
 p - a potion of might
Comestibles
 d - 8 rations {@e1}
 l - 2 chunks of flesh


Message History

s - a bone ring
Found a chain mail.
Found a glowing ruby ring.
Found a stone staircase leading down.
t - a glowing ruby ring
There is a stone staircase leading down here.
Found a stone staircase leading down.
An ogre comes into view. It is wielding a +0 giant club.
The ogre shouts!
Found a club.
An ogre is nearby!
An ogre is nearby!
Casting: Beastly Appendage (safe; 6% risk of failure)
Confirm with . or Enter, or press ? or * to list all spells.
You turn into a venomous arachnid creature.
Your +0 cloak melds into your body.
Your +0 robe melds into your body.
A hound comes into view.
Your transformation is almost over.
The hound barks!
You hear a shout!
Unknown command.
You hit the ogre.
The ogre is poisoned.
The ogre is lightly wounded.
The ogre hits you with a +0 giant club!!
You bite the ogre!
The ogre is heavily wounded.
The ogre hits you with a +0 giant club!!
Ouch! That really hurt!
* * * LOW HITPOINT WARNING * * *
The hound misses you. The hound bites you.
You die...

Skill      XL: |  1  2  3  4  5 |
---------------+----------------+-----
Unarmed Combat | 3 4 |  4.9
Transmutations | 2 3 |  3.2
Fighting       | |  1.3
Dodging        | |  1.7
Spellcasting   | |  2.4

Action                   |  1- 3 |  4- 6 || total
-------------------------+-------+-------++-------
Melee: Unarmed           |    99 |   123 ||   222
       Kick              |     4 |     6 ||    10
       Headbutt          |     2 |       ||     2
       Punch             |       |     1 ||     1
 Cast: Beastly Appendage |    15 |     6 ||    21
       Spider Form       |     4 |     8 ||    12
 Stab: Sleeping          |       |     1 ||     1
  Eat: Chunk             |     2 |     7 ||     9
Armor: Robe              |    30 |    28 ||    58
       Skin              |       |     2 ||     2
Dodge: Dodged            |    80 |   104 ||   184

Notes
Turn   | Place    | Note
-------+----------+-------------------------------------------
     0 | D:1      | Aisha the Ogre Transmuter began the quest for the Orb.
     0 | D:1      | Reached XP level 1. HP: 19/19 MP: 3/3
   174 | D:1      | Reached skill level 3 in Unarmed Combat
   190 | D:1      | Reached skill level 2 in Transmutations
   238 | D:1      | Reached XP level 2. HP: 25/27 MP: 5/5
   575 | D:1      | Reached XP level 3. HP: 33/33 MP: 4/6
   580 | D:1      | Learned a level 3 spell: Spider Form
  1342 | D:2      | Found a runed translucent door.
  1343 | D:2      | Noticed Crazy Yiuf
  1383 | D:2      | Killed Crazy Yiuf
  1383 | D:2      | Reached skill level 4 in Unarmed Combat
  1383 | D:2      | Reached XP level 4. HP: 31/41 MP: 3/7
  2011 | D:3      | Reached XP level 5. HP: 46/48 MP: 5/8
  2383 | D:3      | Reached skill level 3 in Transmutations
  2542 | D:3      | Found a shattered altar of Ashenzari.
  2669 | D:3      | Found a faded altar of an unknown god.
  2918 | D:4      | Noticed an ogre
  2924 | D:4      | HP: 1/48 [ogre/+0 giant club (29)]
  2929 | D:4      | Slain by a hound

Vanquished Creatures
  Crazy Yiuf (D:2)
  An orc wizard (D:3)
  5 adders
  An ooze (D:2)
  A worm (D:2)
  3 dart slugs
  6 leopard geckos
  8 orcs
  A ball python (D:1)
  A giant cockroach (D:1)
  6 goblins
  3 hobgoblins
  3 jackals (D:1)
  9 kobolds
  A quokka (D:2)
  7 bats
  7 frilled lizards
  3 rats
67 creatures vanquished.
